 Dungeon Crawl Stone Soup version 0.27-a0-1319-geec4fb4e21 (webtiles) character file.

Game seed: 3960422614753877167

5940 mdonais the Fighter (level 10, 0/102 HPs)
             Began as an Octopode Wanderer on June 20, 2021.
             Was a Believer of Hepliaklqana.
             Slain by a hornet (8 damage)
             ... on level 9 of the Dungeon on June 21, 2021.
             The game lasted 00:47:16 (11313 turns).

mdonais the Fighter (Octopode Wanderer)            Turns: 11313, Time: 00:47:16

Health: 0/102      AC: 25    Str: 13    XL:     10   Next: 83%
Magic:  0/16       EV:  2    Int: 15    God:    Hepliaklqana [**....]
Gold:   504        SH:  0    Dex: 13    Spells: 10/17 levels left

rFire    + . .     SeeInvis .   a - +10 whip of the Five Xalams {flame, rElec rF+}
rCold    + . .     Faith    .   (no shield)
rNeg     + + +     Spirit   +   (helmet currently unavailable)
rPois    +         Reflect  .   j - amulet of guardian spirit
rElec    +         Harm     .   c - ring of protection from cold
rCorr    .         Rampage  .   o - ring of poison resistance
Will     .....     NoTele   +   (no ring)
Stlth    +++.......             (no ring)
HPRegen  0.27/turn              (no ring)
MPRegen  0.15/turn              (no ring)
                                (no ring)
                                (no ring)

@: tree-form, slowed, studying Staves, very slow
A: stationary, stasis, torment immunity, boosted hp, reduced essence, almost no
armour, (amphibious), 8 rings, (camouflage 1), (gelatinous body 1), (nimble
swimmer 1), (tentacles)
a: Renounce Religion, Recall Ancestor, Ancestor Identity


You were on level 9 of the Dungeon.
You worshipped Hepliaklqana.
Hepliaklqana was pleased with you.
You were a tree.
You visited 2 branches of the dungeon, and saw 10 of its levels.

You collected 504 gold pieces.

Inventory:

Hand Weapons
 a - the +10 whip of the Five Xalams (weapon) {flame, rElec rF+}
   (You found it on level 8 of the Dungeon)

   It has been specially enchanted to burn those struck by it, causing extra
   injury to most foes and up to half again as much damage against particularly
   susceptible opponents.
   It protects you from fire.
   It insulates you from electricity.
 b - a +2 spear of freezing
   (You found it on level 3 of the Dungeon)
 q - a +0 shortbow
   (You took it off a centaur on level 5 of the Dungeon)
 t - a +0 halberd
   (You took it off a gnoll on level 6 of the Dungeon)
 u - a +2 vorpal war axe
   (You found it on level 5 of the Dungeon)
 y - a +0 trident
   (You found it on level 2 of the Dungeon)
 E - a +6 war axe
   (You took it off a wight on level 7 of the Dungeon)
 J - a +0 broad axe
   (You took it off an orc warrior on level 8 of the Dungeon)
Missiles
 e - 176 stones (quivered)
 i - 84 sling bullets
 k - 90 arrows
 w - 18 poisoned darts
 A - 24 bolts
 F - 4 curare-tipped darts
Jewellery
 c - a ring of protection from cold (left branch)
   (You found it on level 1 of the Dungeon)
 d - an amulet of the acrobat
   (You found it on level 2 of the Dungeon)
 j - an amulet of guardian spirit (around neck)
   (You found it on level 2 of the Dungeon)
 o - a ring of poison resistance (right branch)
   (You found it on level 6 of the Dungeon)
Wands
 C - a wand of polymorph (4)
   (You found it on level 6 of the Dungeon)
 I - a wand of iceblast (8)
   (You found it on level 5 of the Dungeon)
Scrolls
 f - a scroll of holy word
 g - a scroll of enchant armour
 m - a scroll of enchant weapon
 z - 2 scrolls of amnesia {unknown}
 B - a scroll of blinking
 H - a scroll of fear {unknown}
 R - a scroll of identify
Potions
 l - a potion of flight
 n - a potion of lignification
 p - 2 potions of resistance
 s - 2 potions of might
 v - a potion of ambrosia {unknown}
 x - 2 potions of brilliance
 G - a potion of degeneration {unknown}
 Q - a potion of curing


   Skills:
 + Level 10.2 Fighting
 - Level 8.0 Polearms
 - Level 1.0 Throwing
 + Level 5.6 Dodging
 - Level 6.0 Stealth
 - Level 1.0 Shields
 - Level 1.0 Unarmed Combat
 - Level 4.0 Spellcasting
 - Level 3.0 Hexes
 - Level 2.0 Transmutations
 - Level 4.0 Evocations


You had 10 spell levels left.
You knew the following spells:

 Your Spells              Type           Power      Damage    Failure   Level
a - Beastly Appendage     Tmut           18%        N/A       8%          1
b - Spider Form           Tmut/Pois      3%         N/A       34%         3
c - Tukima's Dance        Hex            12%        N/A       16%         3

Your spell library contained the following spells:

 Spells                   Type           Power      Damage    Failure   Level
 Corona                   Hex            13%        N/A       5%          1


Dungeon Overview and Level Annotations

Branches:
Dungeon (9/15)             Temple (1/1) D:4
   Lair: D:8-11         Orc: D:9-12

Altars:
Ashenzari
Cheibriados
Dithmenos
Elyvilon
Fedhas
Gozag
Hepliaklqana
Kikubaaqudgha
Makhleb
Nemelex Xobeh
Okawaru
Qazlal
Ru
Sif Muna
Trog
Uskayaw
Vehumet
Wu Jian
Yredelemnul
Zin
The Shining One

Shops:
D:1 :

Annotations:
D:2 Terence
D:5 exclusion: water moccasin


Innate Abilities, Weirdness & Mutations

You are a tree.
Your roots penetrate the ground, keeping you stationary.
You cannot be teleported.
You are immune to unholy pain and torment.
Your maximum health is greatly increased.
Your equipment is partially melded.
Your life essence is reduced to manifest your ancestor. (-10% HP)
You cannot wear most types of armour.
((You are amphibious.))
You can wear up to eight rings at the same time.
((Your skin changes colour to match your surroundings (Stealth+).))
((Your rubbery body absorbs attacks. (AC +1, EV +1)))
((You are camouflaged near water. (Stealth+)))
((You have tentacles for arms and can constrict up to eight enemies at once.))


Message History

* * * LOW HITPOINT WARNING * * *
Sturm hits the two-headed ogre with a +0 flail!
The two-headed ogre dies!
Training target 10.0 for Fighting reached!
Your Fighting skill increases to level 10!
You need to enable at least one skill for training.
Training target 4.0 for Spellcasting reached!
Your Spellcasting skill increases to level 4!
You need to enable at least one skill for training.
You take 24 damage, and have 6/102 hp.
MASSIVE DAMAGE!!
You now have 1/16 mp.
Unknown command.
Unknown command.
You cannot move.
You cannot move.
Unknown command.
Unknown command.
A two-headed ogre is nearby!
A two-headed ogre is nearby!
A two-headed ogre is nearby!
Throw: 5 darts (curare)
Press: ? - help, Q - select action, (/) - cycle Shift-Dir - straight line, f - two-headed ogre
Aim: a two-headed ogre, wielding two +0 giant clubs (wandering, hasn't noticed you, 77% to hit)
You throw a curare-tipped dart.
The curare-tipped dart hits the two-headed ogre.
The two-headed ogre is poisoned.
The two-headed ogre convulses.
The two-headed ogre seems to slow down.
The two-headed ogre shouts in stereo!
The two-headed ogre is lightly wounded.
Throw: 22 darts (poison)
Press: ? - help, Q - select action, (/) - cycle Shift-Dir - straight line, f/p - two-headed ogre
Aim: a two-headed ogre, wielding two +0 giant clubs (lightly wounded, very poisoned, slow, ally target, 77% to hit)
You throw a poisoned dart.
The poisoned dart hits the two-headed ogre.
The two-headed ogre is lightly wounded.
Throw: 21 darts (poison)
Press: ? - help, Q - select action, (/) - cycle Shift-Dir - straight line, f/p - two-headed ogre
Aim: a two-headed ogre, wielding two +0 giant clubs (lightly wounded, very poisoned, slow, ally target, 77% to hit)
You throw a poisoned dart.
The poisoned dart hits the two-headed ogre.
The two-headed ogre looks even sicker.
The two-headed ogre is lightly wounded.
Throw: 20 darts (poison)
Press: ? - help, Q - select action, (/) - cycle Shift-Dir - straight line, f/p - two-headed ogre
Aim: a two-headed ogre, wielding two +0 giant clubs (lightly wounded, very poisoned, slow, ally target, 77% to hit)
You throw a poisoned dart.
The poisoned dart barely misses the two-headed ogre.
A wraith comes into view.
Throw: 19 darts (poison)
Press: ? - help, Q - select action, (/) - cycle Shift-Dir - straight line, f/p - two-headed ogre
Aim: a two-headed ogre, wielding two +0 giant clubs (lightly wounded, very poisoned, slow, ally target, 77% to hit)
You throw a poisoned dart.
The poisoned dart hits the two-headed ogre.
The two-headed ogre looks as sick as possible!
The two-headed ogre is lightly wounded.
As you read the scroll of summoning, it crumbles to dust.
Wisps of shadow whirl around you...
Sturm hits the two-headed ogre with a +0 flail!
Throw: 179 stones
Press: ? - help, Q - select action, (/) - cycle Shift-Dir - straight line, f/p - two-headed ogre
Aim: a two-headed ogre, wielding two +0 giant clubs (moderately wounded, extremely poisoned, slow, ally target, 77% to hit)
You throw a stone. Sturm avoids your attack.
The stone hits the two-headed ogre but does no damage.
The two-headed ogre is moderately wounded.
Sturm hits the two-headed ogre with a +0 flail!
The two-headed ogre hits Sturm with a +0 giant club.
The two-headed ogre hits Sturm with a +0 giant club!
Sturm hits the two-headed ogre with a +0 flail!
Throw: 178 stones
Press: ? - help, Q - select action, (/) - cycle Shift-Dir - straight line, f - wraith, p - two-headed ogre
Aim: a wraith (63% to hit)
You throw a stone.
The stone hits the wraith but does no damage.
The two-headed ogre is no longer moving slowly.
A goblin comes into view. It is wielding a +0 spear.
Your orc warrior hits the two-headed ogre with a +0 war axe!
The two-headed ogre dies!
Training target 4.0 for Evocations reached!
Your Evocations skill increases to level 4!
You need to enable at least one skill for training.
Throw: 177 stones
Press: ? - help, Q - select action, (/) - cycle Shift-Dir - straight line, f/p - wraith
Aim: a wraith (ally target, 63% to hit)
You throw a stone.
The stone hits the wraith but does no damage.
You hit the wraith but do no damage.
Your wraith hits the wraith but does no damage.
The wraith hits you but does no damage.
You barely miss the wraith. Your wraith hits the wraith!
A hornet comes into view.
The wraith hits you.
* * * LOW HITPOINT WARNING * * *
The wraith drains your vigour!
You feel yourself slow down.
You take 2 damage, and have 7/102 hp.
You now have 2/16 mp.
You feel better.
Your wraith hits the wraith. The wraith hits you but does no damage.
The goblin closely misses your orc warrior.
Your wraith barely misses the wraith.
You regained 8 hp, and now have 15/102 hp.
You hit the wraith. You burn the wraith.
The wraith is severely damaged.
The wraith hits you!
* * * LOW HITPOINT WARNING * * *
The wraith drains your vigour!
You feel as though you will be slow longer.
The goblin hits your orc with a +0 spear.
Your wraith barely misses the wraith.
Your orc warrior hits the wraith with a +0 war axe!
Your orc wizard gestures wildly while chanting.
Your orc wizard flickers and vanishes for a moment.
The wraith hits you.
* * * LOW HITPOINT WARNING * * *
You take 9 damage, and have 6/102 hp.
You now have 0/16 mp.
You hit the wraith. You burn the wraith.
You destroy the wraith!
The hornet closely misses your orc wizard.
Your orc wizard barely misses the goblin.
Your orc closely misses the goblin.
The goblin barely misses you.
The hornet barely misses your orc wizard.
Your orc wizard hits the goblin with a +0 dagger.
What are your orders? t - Creak!
Orders for allies: a - Attack new target. r - Retreat! s - Stop attacking. g - Guard the area. f - Follow me.
Anything else - Cancel.
Gang up on whom?
Press: ? - help, Dir - move target, f - hornet
Aim: a hornet Attack!
The hornet stings your orc wizard!
Your orc wizard dies!
Your orc wizard's corpse dissolves into shadows!
The goblin hits you but does no damage.
Your orc warrior barely misses the goblin.
Your orc barely misses the hornet. x2; The goblin completely misses you.
The hornet stings you but does no damage.
What are your orders? t - Creak!
Orders for allies: a - Attack new target. p - Attack previous target. r - Retreat! s - Stop attacking. g - Guard the area. f - Follow me.
Anything else - Cancel.
Okay, then.
You barely miss the hornet.
The hornet stings you but does no damage.
Sturm hits the goblin with a +0 flail.
The goblin dies!
Your orc hits the hornet but does no damage.
The hornet stings you!
You die...

.........# ........#
.....
........#........≈
....(..##.......≈:
...............≈#
#.(...........≈##
#Wo.......)..≈≈≈
...#.#♣oR............
..[.....y............#
.$#....o.†..........##
#....)..............
#....(.)....<.$.....
###.(......##.......
#........# .......
#...##..... .#.....
.......#.....###..#


You could see the friendly Sturm the knight, a hornet (ally target), a friendly
wraith (summoned), a friendly orc warrior (summoned) and 2 friendly orcs.

Vanquished Creatures
  A two-headed ogre (D:8)
  A wyvern (D:8)
  A wraith (D:9)
  A yak (D:5)
  An orc warrior (D:8)
  A sky beast (D:5)
  2 ice beasts (D:7)
  2 ogres (D:6)
  2 centaurs
  2 phantoms (D:6)
  2 kobold brigands
  A bullfrog (D:7)
  A gnoll sergeant (D:6)
  3 scorpions
  A wyvern zombie (D:7)
  A water moccasin skeleton (D:5)
  2 killer bees (D:8)
  2 wights (D:7)
  A howler monkey (D:8)
  4 hounds
  A jelly (D:6)
  3 orc priests
  2 centaur skeletons (D:6)
  5 iguanas
  A gnoll shaman (D:6)
  A bullfrog skeleton (D:6)
  A killer bee zombie (D:7)
  A hound skeleton (D:4)
  10 gnolls
  6 adders
  2 howler monkey skeletons
  A shadow imp (D:8)
  2 white imps
  An adder skeleton (D:4)
  2 dart slugs (D:3)
  4 orcs
  3 endoplasms
  A giant cockroach (D:4)
  9 goblins
  4 hobgoblins
  6 jackals
  6 quokkas
  8 ball pythons
  5 bats
  7 kobolds
  10 rats
134 creatures vanquished.

Vanquished Creatures (collateral kills)
  2 two-headed ogres (D:9)
  A wyvern (D:9)
  A vampire (D:9)
  2 steam dragons
  An acid dragon (D:8)
  An orc warrior (D:8)
  A sky beast (D:8)
  A wyvern zombie (D:7)
  A water moccasin zombie (D:7)
  4 killer bees (D:8)
  A wight (D:7)
  A bullfrog zombie (D:6)
  A centaur zombie (D:7)
  A hound (D:6)
  A centaur skeleton (D:7)
  An iguana (D:7)
  An adder (D:6)
  An orc (D:8)
  A goblin (D:9)
24 creatures vanquished.

Vanquished Creatures (others)
  An iguana (D:6)
  A knight (D:8)
  2 ancestors
  An orc (D:6)
  4 fungi (D:2)
  4 plants (D:2)
13 creatures vanquished.

Grand Total: 171 creatures vanquished

Notes
Turn   | Place    | Note
-------+----------+-------------------------------------------
     0 | D:1      | mdonais the Octopode Wanderer began the quest for the Orb.
     0 | D:1      | mdonais set off with the following items: a +2 dagger, a
                  | potion of heal wounds; and the following spells available
                  | to memorise: Corona, Tukima's Dance, Beastly Appendage,
                  | Spider Form
     0 | D:1      | Reached XP level 1. HP: 11/11 MP: 3/3
     6 | D:1      | Learned a level 1 spell: Beastly Appendage
    50 | D:1      | Found Goemiukk's Book Emporium.
   388 | D:1      | Reached XP level 2. HP: 17/18 MP: 3/5
   389 | D:1      | Reached skill level 1 in Fighting
   761 | D:1      | Reached skill level 1 in Transmutations
   979 | D:1      | Reached XP level 3. HP: 23/23 MP: 4/6
  1085 | D:2      | Noticed Terence
  1162 | D:2      | HP: 1/24 [Terence (3)]
  1513 | D:2      | Reached skill level 2 in Fighting
  1513 | D:2      | Reached XP level 4. HP: 25/30 MP: 7/7
  1613 | D:2      | Learned a level 3 spell: Spider Form
  2366 | D:2      | Reached skill level 3 in Fighting
  2397 | D:2      | Found a faded altar of an unknown god.
  2436 | D:2      | Reached XP level 5. HP: 36/36 MP: 8/8
  3455 | D:3      | Reached skill level 1 in Unarmed Combat
  3676 | D:3      | Learned a level 3 spell: Tukima's Dance
  3852 | D:4      | Reached skill level 4 in Fighting
  3852 | D:4      | Reached skill level 1 in Dodging
  3852 | D:4      | Reached XP level 6. HP: 33/43 MP: 6/9
  4017 | D:4      | Found a staircase to the Ecumenical Temple.
  4095 | Temple   | Entered the Ecumenical Temple
  4197 | Temple   | Became a worshipper of Hepliaklqana the Forgotten
  4855 | D:5      | Entered Level 5 of the Dungeon
  4920 | D:5      | Noticed a water moccasin
  4948 | D:5      | Noticed a sky beast
  4954 | D:5      | Killed a sky beast
  4955 | D:5      | Reached skill level 5 in Stealth
  4955 | D:5      | Reached skill level 1 in Evocations
  4994 | D:5      | Reached XP level 7. HP: 8/49 MP: 1/10
  5641 | D:5      | Noticed a yak
  5654 | D:5      | Killed a yak
  5655 | D:5      | Reached skill level 5 in Fighting
  6017 | D:5      | Reached XP level 8. HP: 45/55 MP: 9/11
  6237 | D:6      | Reached skill level 6 in Fighting
  6392 | D:6      | Found a broken altar of Ashenzari.
  6832 | D:6      | Reached * piety under Hepliaklqana
  7210 | D:6      | Reached skill level 5 in Polearms
  7682 | D:6      | Upgraded the game from 0.27-a0-1312-g5cdb2b3542 to
                  | 0.27-a0-1319-geec4fb4e21
  7692 | D:6      | Reached XP level 9. HP: 34/56 MP: 13/13
  7973 | D:6      | Reached skill level 7 in Fighting
  9216 | D:7      | Reached skill level 8 in Fighting
  9303 | D:7      | Reached ** piety under Hepliaklqana
  9304 | D:7      | Remembered your ancestor Sturm as a knight
 10062 | D:8      | Found an iron altar of Okawaru.
 10062 | D:8      | Found a snail-covered altar of Cheibriados.
 10063 | D:8      | Found an ancient bone altar of Kikubaaqudgha.
 10075 | D:8      | Found a basalt altar of Yredelemnul.
 10327 | D:8      | Noticed a two-headed ogre
 10724 | D:8      | Reached XP level 10. HP: 65/65 MP: 14/14
 11017 | D:8      | Identified the +10 whip of the Five Xalams {flame, rElec
                  | rF+}
 11023 | D:8      | Reached skill level 9 in Fighting
 11075 | D:8      | Killed a two-headed ogre
 11076 | D:8      | Reached skill level 5 in Dodging
 11285 | D:9      | Noticed a two-headed ogre
 11297 | D:9      | Noticed a two-headed ogre
 11297 | D:9      | Killed a two-headed ogre
 11298 | D:9      | Reached skill level 10 in Fighting
 11305 | D:9      | Killed a two-headed ogre
 11313 | D:9      | Slain by a hornet

Illustrated notes

Levels and vault maps discovered:
D:1:      erik_arrival_orb_chamber, layout_loops_ring, serial_shops,
          nicolae_shop_trees, chequers_garden, wad_floor_pattern_untrapped
D:2:      layout_loops_corners, shapermc_ecumenical_altar_mp_urbaneastern,
          uniq_terence
D:3:      layout_loops_ring, grunt_ministairs_6
D:4:      layout_gridville, minmay_temple_entry_trees
D:5:      layout_basic, kennysheep_another_room, minmay_misc_feat_enclosed,
          minmay_manual_macuahuitl
D:6:      minmay_recursive_quarters, layout_loops_ring,
          ashenzari_conservatory_becter, minmay_crossroads
D:7:      layout_basic, serial_aquarium, aquarium_bridge_straight
          [aquarium_subvault_bridge, aquarium_subvault_wall,
          aquarium_subvault_bridge, aquarium_subvault_window],
          aquarium_bridge_square [aquarium_subvault_bridge,
          aquarium_subvault_window, aquarium_subvault_bridge,
          aquarium_subvault_bridge], aquarium_window_fake, aquarium_window_3,
          aquarium_window_1, aquarium_window_corner, aquarium_view_2a,
          aquarium_view_2c, serial_park_tiny_pond, grunt_ministairs_10
D:8:      layout_loops_ring, nicolae_overflow_quartered_altars
D:9:      layout_cave_pools, general_overflow_altar, enter_bailey_3,
          water_boxes_lemuel
Temple:   minmay_temple_bridge_d

Skill      XL: |  1  2  3  4  5  6  7  8  9 10 |
---------------+-------------------------------+-----
Stealth        | 3 4 5 6 |  6.0
Fighting       | 1 2 3 4 5 6 8 10 | 10.2
Transmutations | 1 2 |  2.0
Unarmed Combat | 1 |  1.0
Dodging        | 1 2 3 5 |  5.6
Evocations     | 1 3 4 |  4.0
Polearms       | 2 3 5 8 |  8.0
Spellcasting   | 3 4 |  4.0
Throwing       | |  1.0
Shields        | |  1.0
Hexes          | |  3.0

Action                   |  1- 3 |  4- 6 |  7- 9 | 10-12 || total
-------------------------+-------+-------+-------+-------++-------
Melee: Dagger            |    49 |    58 |       |       ||   107
       Constrict         |    10 |    20 |    29 |     5 ||    64
       Tentacles         |     6 |    16 |    41 |     7 ||    70
       Kick              |     2 |     9 |    12 |       ||    23
       Spear             |       |    52 |   280 |    21 ||   353
       Punch             |       |       |     3 |       ||     3
       Whip              |       |       |       |    21 ||    21
Throw: Stone             |       |     6 |       |     3 ||     9
       Dart              |       |     2 |    16 |     7 ||    25
 Cast: Beastly Appendage |     6 |    12 |     9 |       ||    27
Invok: Ancestor Identity |       |       |     2 |       ||     2
       Ancestor Life: Kn |       |       |     1 |       ||     1
Evoke: Wand              |       |       |       |     1 ||     1
  Use: Scroll            |     2 |     3 |     7 |     2 ||    14
       Potion            |     1 |       |       |     4 ||     5
 Stab: Sleeping          |     9 |    20 |    11 |     1 ||    41
       Distracted        |       |       |     1 |     1 ||     2
Armor: Skin              |     4 |     6 |    11 |    14 ||    35
Dodge: Dodged            |    23 |    42 |   132 |    10 ||   207

Table legend: (Time is in decaauts)
 A = Elapsed time spent in this place.
 B = Non-inter-level travel time spent in this place.
 C = Inter-level travel time spent in this place.
 D = Time resting spent in this place.
 E = Time spent auto-exploring this place.
 F = Levels seen in this place.
 G = Mean time per level.
                   A        B        C        D        E       F      G
               +--------+--------+--------+--------+--------+-----+--------+
         Total |  11256 |  10691 |    565 |   4142 |   4704 |  10 | 1125.6 |
       Dungeon |  11084 |  10617 |    467 |   4142 |   4635 |   9 | 1231.6 |
        Temple |    171 |     74 |     97 |      0 |     69 |   1 |  171.0 |
               +--------+--------+--------+--------+--------+-----+--------+

Top non-repeatable levels by time:
     D:6: 2105 daAuts
     D:5: 1612 daAuts
     D:8: 1553 daAuts
     D:2: 1545 daAuts
     D:1: 1359 daAuts
     D:4: 1133 daAuts
     D:7: 960 daAuts
     D:3: 772 daAuts
  Temple: 171 daAuts
     D:9: 43 daAuts
